 Dungeon Crawl Stone Soup version 0.20.1-1-g8b1a95d (webtiles) character file.

2419 Monsterracer the Spear-Bearer (level 9, -1/69 HPs)
             Began as a Merfolk Skald on Aug 5, 2017.
             Was a Follower of Fedhas.
             Killed from afar by an orc wizard (8 damage)
             ... with a magic dart
             ... on level 7 of the Dungeon.
             The game lasted 00:18:38 (7880 turns).

Monsterracer the Spear-Bearer (Merfolk Skald)       Turns: 7880, Time: 00:18:38

Health: -1/69      AC:  6    Str: 11    XL:     9   Next: 48%
Magic:  8/12       EV: 16    Int: 15    God:    Fedhas [*.....]
Gold:   145        SH:  0    Dex: 14    Spells: 2/12 levels left

rFire    + . .     SeeInvis .   i - +0 trident
rCold    + + .     Gourm    .   (no shield)
rNeg     . . .     Faith    .   m - +2 robe {rC+ rF+}
rPois    .         Spirit   .   (no helmet)
rElec    .         Reflect  .   b - +1 cloak
rCorr    .         Harm     .   (no gloves)
MR       .....                  (no boots)
Stlth    +.........             (no amulet)
Regen    1.3/turn               j - +3 ring of slaying
MPRegen  0.2/turn               r - ring of protection from cold

@: singing (expiring), regenerating
A: change form in water, swift swim, stealthy swim
a: Fungal Bloom, Evolution, Renounce Religion


You were on level 7 of the Dungeon.
You worshipped Fedhas.
Fedhas was aware of your devotion.
You were hungry.

You visited 2 branches of the dungeon, and saw 8 of its levels.

You collected 355 gold pieces.
You spent 210 gold pieces at shops.

Inventory:

Hand Weapons
 i - a +0 trident (weapon)
Armour
 b - a +1 cloak (worn)
 m - a +2 robe of resistance (worn)
Jewellery
 j - a +3 ring of slaying (left hand)
 r - a ring of protection from cold (right hand)
Wands
 c - a wand of iceblast (15/15)
Scrolls
 a - a scroll of recharging
 n - 3 scrolls of teleportation
 p - 2 scrolls of remove curse
 u - a scroll of amnesia
Potions
 e - 2 potions of flight
 g - a potion of curing
 l - 2 potions of heal wounds
 o - a potion of might
 q - a potion of haste
 s - 2 potions of lignification
 t - a potion of degeneration {unknown}
Comestibles
 d - a bread ration
 f - 8 meat rations
 h - 2 royal jellies
 k - 5 fruits


   Skills:
 + Level 5.9 Fighting
 * Level 11.0 Polearms
 - Level 0.6 Armour
 + Level 7.1 Dodging
 - Level 2.0 Spellcasting
 + Level 6.2 Charms
 + Level 5.0 Invocations


You had 2 spell levels left.
You knew the following spells:

 Your Spells              Type           Power        Failure   Level  Hunger
a - Spectral Weapon       Hex/Chrm       ##......     19%         3    ###....
b - Song of Slaying       Chrm           ###.....     2%          2    ###....
c - Shroud of Golubria    Chrm/Tloc      ##........   10%         2    ###....
e - Regeneration          Chrm/Necr      ##........   19%         3    ###....


Dungeon Overview and Level Annotations

Branches:
Dungeon (7/15)             Temple (1/1) D:4

Altars:
Ashenzari
Cheibriados
Dithmenos
Elyvilon
Fedhas
Gozag
Hepliaklqana
Kikubaaqudgha
Makhleb
Nemelex Xobeh
Okawaru
Qazlal
Ru
Sif Muna
Trog
Uskayaw
Vehumet
Xom
Yredelemnul
Zin
The Shining One

Shops:
D:4 !   D:6 }

Annotations:
D:5 Dustman's ghost, amateur DsGl


Message History

* * * LOW HITPOINT WARNING * * *
Huge Dmg: -17%(-12hp) hp: 12%(8hp)
Casting: Song of Slaying
Confirm with . or Enter, or press ? or * to list all spells.
Your skin crawls.
Your song is almost over.
The orc wizard misses you. x2
You barely miss the orc wizard.
The orc wizard is almost dead.
The orc wizard gestures at you while chanting.
You easily resist.
The orc wizard hits you with a dagger.
* * * LOW HITPOINT WARNING * * *
Huge Dmg: -5%(-3hp) hp: 9%(6hp)
You completely miss the orc wizard.
The orc wizard is almost dead.
The orc wizard barely misses you. x2
The orc wizard points at you and mumbles some strange words.
The magic dart hits you!
You die...
Fedhas appreciates your contribution to the ecosystem.

#......##.#
#....#.####
#....####.###
#....####....
#...........
#....###.#..
####.......#
#.......##.#
#......o.#.#
#...#.#o@#.###...
#...#.#.....$...ยง
.......#.######..#
##...###.. .. ##.
.. .


You could see 2 orc wizards.

Vanquished Creatures
  Grinder (D:3)
  A hippogriff (D:7)
  Sigmund (D:3)
  A hungry ghost (D:7)
  Menkaure (D:5)
  An orc warrior (D:7)
  An ogre (D:6)
  A phantom (D:5)
  2 centaurs
  A necrophage (D:6)
  A bullfrog (D:7)
  A wyvern zombie (D:6)
  3 scorpions (D:6)
  A jelly (D:7)
  A bullfrog skeleton (D:5)
  Crazy Yiuf (D:2)
  4 hounds
  3 orc priests
  5 orc wizards
  Jessica (D:2)
  An iguana (D:6)
  5 worker ants
  A worker ant zombie (D:7)
  3 gnolls (D:6)
  12 adders
  A shadow imp (D:5)
  An ooze (D:2)
  An adder zombie (D:5)
  An adder skeleton (D:6)
  2 dart slugs
  7 leopard geckos
  15 orcs
  12 bats
  6 giant cockroaches
  7 hobgoblins
  8 jackals (D:1)
  A quokka (D:4)
  4 frilled lizards
  10 goblins
  A jackal skeleton (D:4)
  A jackal zombie (D:6)
  7 kobolds
  4 rats
143 creatures vanquished.

Vanquished Creatures (others)
  A spectral weapon (D:7)
  40 toadstools
41 creatures vanquished.

Grand Total: 184 creatures vanquished

Notes
Turn   | Place    | Note
-------+----------+-------------------------------------------
     0 | D:1      | Monsterracer the Merfolk Skald began the quest for the Orb.
     0 | D:1      | Reached XP level 1. HP: 16/16 MP: 3/3
    61 | D:1      | HP: 8/16 [jackal (2)]
    69 | D:1      | HP: 6/16 [dart slug/slug dart (2)]
    72 | D:1      | Reached skill level 4 in Polearms
    72 | D:1      | Reached XP level 2. HP: 8/22 MP: 0/5
   410 | D:1      | Learned a level 2 spell: Song of Slaying
   635 | D:1      | Reached XP level 3. HP: 28/28 MP: 6/6
   714 | D:1      | HP: 13/28 [jackal (2)]
   721 | D:1      | HP: 10/28 [jackal (1)]
   731 | D:1      | Learned a level 3 spell: Regeneration
  1223 | D:2      | Found an opulent altar of Gozag.
  1258 | D:2      | Reached skill level 5 in Polearms
  1316 | D:2      | Found a snail-covered altar of Cheibriados.
  1358 | D:2      | HP: 12/28 [adder (4)]
  1359 | D:2      | Reached XP level 4. HP: 14/34 MP: 3/7
  1364 | D:2      | HP: 12/34 [poisoned by an adder]
  1371 | D:2      | HP: 11/34 [poisoned by an adder]
  1379 | D:2      | HP: 15/34 [poisoned by an adder]
  1740 | D:2      | Noticed Jessica
  1750 | D:2      | Killed Jessica
  1863 | D:2      | Found a runed door.
  1869 | D:2      | Noticed Crazy Yiuf
  1879 | D:2      | Killed Crazy Yiuf
  1879 | D:2      | Reached XP level 5. HP: 41/41 MP: 0/8
  1997 | D:2      | Learned a level 2 spell: Shroud of Golubria
  2064 | D:2      | Found a shadowy altar of Dithmenos.
  2065 | D:2      | Found a sacrificial altar of Ru.
  2066 | D:2      | Found a hazy altar of Hepliaklqana.
  2069 | D:2      | Found a basalt altar of Yredelemnul.
  2220 | D:3      | Noticed Sigmund
  2270 | D:4      | Found a staircase to the Ecumenical Temple.
  2284 | Temple   | Entered the Ecumenical Temple
  2348 | Temple   | Became a worshipper of Fedhas Madash
  2505 | D:4      | Reached skill level 6 in Polearms
  2512 | D:4      | HP: 20/41 [poisoned by a worker ant]
  2519 | D:4      | HP: 19/41 [poisoned by a worker ant]
  2527 | D:4      | HP: 18/41 [poisoned by a worker ant]
  2768 | D:3      | Killed Sigmund
  2768 | D:3      | Reached skill level 1 in Invocations
  2768 | D:3      | Reached XP level 6. HP: 25/47 MP: 3/9
  2966 | D:3      | HP: 24/48 [poisoned by an orc]
  2969 | D:3      | HP: 5/48 [orc priest/divine providence (14)]
  2979 | D:3      | Reached skill level 7 in Polearms
  2982 | D:3      | HP: 18/72 [adder (1)]
  2987 | D:3      | HP: 16/72 [adder (2)]
  2995 | D:3      | HP: 14/72 [poisoned by an adder]
  3000 | D:3      | HP: 11/72 [poisoned by an adder]
  3005 | D:3      | HP: 5/48 [poisoned by an adder]
  3011 | D:3      | HP: 4/48 [poisoned by an adder]
  3019 | D:3      | HP: 4/48 [poisoned by an adder]
  3405 | D:3      | Reached XP level 7. HP: 42/54 MP: 10/10
  3604 | D:3      | Found a bloodstained altar of Trog.
  3720 | D:3      | Noticed Grinder
  3742 | D:3      | Killed Grinder
  3754 | D:3      | Learned a level 3 spell: Spectral Weapon
  4143 | D:4      | Found Keczivio's Distillery.
  4146 | D:4      | Bought a potion of haste for 140 gold pieces
  4146 | D:4      | Bought a potion of heal wounds for 70 gold pieces
  4630 | D:5      | Entered Level 5 of the Dungeon
  4657 | D:5      | Reached skill level 8 in Polearms
  4685 | D:5      | Reached skill level 5 in Dodging
  4891 | D:5      | Noticed Dustman's ghost (amateur DsGl)
  4914 | D:5      | HP: 27/55 [Dustman's ghost (1)]
  5221 | D:5      | Reached skill level 5 in Charms
  5221 | D:5      | Reached XP level 8. HP: 42/61 MP: 5/11
  5227 | D:5      | HP: 28/61 [Dustman's ghost (11)]
  5230 | D:5      | HP: 11/61 [Dustman's ghost (7)]
  5709 | D:5      | Noticed Menkaure
  5720 | D:5      | Killed Menkaure
  5720 | D:5      | Reached skill level 9 in Polearms
  5813 | D:5      | HP: 24/61 [Dustman's ghost (9)]
  5819 | D:5      | HP: 14/61 [Dustman's ghost (6)]
  6070 | D:6      | Reached skill level 5 in Fighting
  6336 | D:6      | Reached * piety under Fedhas
  6447 | D:6      | Found Gamuej's Gadget Emporium.
  6721 | D:6      | Reached skill level 10 in Polearms
  6760 | D:6      | Reached XP level 9. HP: 65/68 MP: 12/12
  7299 | D:6      | Found an opulent altar of Gozag.
  7377 | D:7      | Found a hazy altar of Hepliaklqana.
  7380 | D:7      | Found a glowing golden altar of the Shining One.
  7380 | D:7      | Found a radiant altar of Vehumet.
  7382 | D:7      | Found a snail-covered altar of Cheibriados.
  7382 | D:7      | Found a shimmering altar of Xom.
  7382 | D:7      | Found a shimmering altar of Xom.
  7688 | D:7      | HP: 33/67 [hippogriff (5)]
  7855 | D:7      | HP: 22/67 [orc priest/divine providence (15)]
  7865 | D:7      | Reached skill level 11 in Polearms
  7865 | D:7      | Reached skill level 5 in Invocations
  7867 | D:7      | HP: 17/67 [orc wizard/dagger (4)]
  7869 | D:7      | HP: 7/67 [orc priest (4)]
  7875 | D:7      | HP: 23/69 [orc wizard/magic dart (6)]
  7877 | D:7      | HP: 9/69 [orc wizard/magic dart (11)]
  7880 | D:7      | Killed from afar by an orc wizard

Skill      XL: |  1  2  3  4  5  6  7  8  9 |
---------------+----------------------------+-----
Polearms       | 4 5 6 7 8 10 11 | 11.0
Dodging        | 3 4 5 6 7 |  7.1
Fighting       | 3 4 5 |  5.9
Charms         | 4 5 6 |  6.2
Invocations    | 1 2 4 5 |  5.0
Armour         | |  0.6
Spellcasting   | |  2.0

Action                   |  1- 3 |  4- 6 |  7- 9 || total
-------------------------+-------+-------+-------++-------
Melee: Spear             |   153 |   198 |   167 ||   518
       Unarmed           |       |     3 |       ||     3
       Trident           |       |       |   200 ||   200
 Cast: Infusion          |     2 |     4 |       ||     6
       Song of Slaying   |     1 |     2 |     7 ||    10
       Regeneration      |       |     5 |     5 ||    10
       Shroud of Golubri |       |     1 |     5 ||     6
       Spectral Weapon   |       |       |     7 ||     7
Invok: Fungal Bloom      |       |       |    15 ||    15
  Use: Scroll            |       |     5 |     8 ||    13
       Potion            |       |     2 |     3 ||     5
 Stab: Sleeping          |     1 |       |     2 ||     3
       Held in net/web   |       |       |     1 ||     1
  Eat: Chunk             |     2 |     8 |     9 ||    19
       Bread ration      |       |       |     2 ||     2
Armor: Leather armour    |    30 |     2 |       ||    32
       Robe              |       |    27 |    68 ||    95
       Skin              |       |    36 |    12 ||    48
Dodge: Dodged            |    63 |    98 |   161 ||   322
